 Dungeon Crawl Stone Soup version 0.18.1-8-gdd0e5ea (webtiles) character file.

184 Lul the Skirmisher (level 5, -7/42 HPs)
             Began as a Demonspawn Abyssal Knight on June 8, 2016.
             Was a Believer of Lugonu.
             Mangled by nixorn's ghost (19 damage)
             ... on level 4 of the Dungeon on June 9, 2016.
             The game lasted 00:10:54 (3266 turns).

Lul the Skirmisher (Demonspawn Abyssal Knight)      Turns: 3266, Time: 00:10:55

Health: -7/42      AC:  7    Str: 13    XL:     5   Next: 36%
Magic:  7/7        EV: 18    Int: 16    God:    Lugonu [**....]
Gold:   116        SH:  0    Dex: 18    Spells: 0 memorised, 4 levels left

rFire  . . .     SeeInvis .     a - +1 spear
rCold  . . .     Gourm    .     b - +0 leather armour
rNeg   . . .     Faith    .     (no shield)
rPois  .         Spirit   .     (no helmet)
rElec  .         Dismiss  .     (no cloak)
rCorr  .         Reflect  .     (no gloves)
SustAt .         Harm     .     (no boots)
MR     .....                    (no amulet)
Stlth  ++........               (no ring)
                                k - +3 ring of intelligence

@: agile, very slightly contaminated, hasted, invisible, very quick, not
resistant to hostile enchantments, unstealthy
A: talons 1, iridescent scales 1
a: Depart the Abyss, Bend Space, Renounce Religion


You were on level 4 of the Dungeon.
You worshipped Lugonu.
Lugonu was pleased with you.
You were very hungry.

You visited 1 branch of the dungeon, and saw 4 of its levels.
You visited the Abyss 1 time.

You collected 116 gold pieces.

Inventory:

Hand Weapons
 a - a +1 spear (weapon)
Armour
 b - a +0 leather armour (worn)
Jewellery
 g - a +6 ring of intelligence
 k - a +3 ring of intelligence (left hand)
Wands
 d - a wand of disintegration (24/24)
Scrolls
 j - a scroll of teleportation
 l - a scroll of remove curse
Potions
 f - a potion of brilliance
 i - 2 potions of flight
 m - 3 potions of curing
 o - 2 potions of haste
Comestibles
 c - a bread ration
 n - 2 meat rations
 q - 3 fruits


   Skills:
 + Level 4.0 Fighting
 + Level 2.5 Polearms
 + Level 2.6 Armour
 + Level 2.9 Dodging
 + Level 2.8 Invocations


You had 4 spell levels left.
You didn't know any spells.

Dungeon Overview and Level Annotations

Branches:
Dungeon (4/15)
 Temple: D:4-7

Altars:
Ashenzari
Dithmenos
Elyvilon
Gozag
Kikubaaqudgha
Nemelex Xobeh
Qazlal
Ru
Trog
Yredelemnul

Annotations:
D:4 Natasha; nixorn's ghost, novice OgBe


Innate Abilities, Weirdness & Mutations

You have sharp toenails.
You are partially covered in iridescent scales (AC +4).


Message History

* * * LOW HITPOINT WARNING * * *
You are too injured to fight recklessly!
Attack whom?
Press: ? - help, Dir - move target cursor, f/p - nixorn's ghost
Aim: nixorn's ghost (severely damaged)
You hit nixorn's ghost.
You claw nixorn's ghost, but do no damage.
Nixorn's ghost is severely damaged.
Nixorn's ghost misses you.
Attack whom?
Press: ? - help, Dir - move target cursor, f/p - nixorn's ghost
Aim: nixorn's ghost (severely damaged)
You hit nixorn's ghost but do no damage.
Your kick misses nixorn's ghost.
Nixorn's ghost is severely damaged.
Drink which item? (? for menu, Esc to quit)
It was a potion of invisibility.
You fade into invisibility!
Nixorn's ghost hits you!!
You die...

#####..###############.###.#.##.#
.?..................##.#.....##.#
#####[.#.####..####.##.###.####.#
#..#.# ##.#.###.##..#..####.#
#..#.###.###.##.##...........
#..#.##.## ##.#.##..........#
#..#.#.## ##..#####.#######
#..#.##.## ##.#.# #.#
#..#.###.###@##.# #.# ..#
##.#W###.# #.# ## #.# ##h## #.#
#.####... #.#####5####.#
#........ #.>..........#
#........ #.#####.######
#.#####.# ...#####.# #.#
#..h.....# #.# .........# #.#


You could see Natasha, nixorn's ghost and a shadow imp.

Vanquished Creatures
  A hound (D:4)
  An orc wizard (D:3)
  5 adders
  An ooze (D:3)
  A worm (D:2)
  2 dart slugs (D:2)
  A giant gecko (D:3)
  6 orcs (D:3)
  6 giant cockroaches
  7 goblins
  8 hobgoblins
  3 jackals (D:2)
  A quokka (D:3)
  9 bats
  4 giant newts
  5 kobolds
  6 rats
67 creatures vanquished.

Notes
Turn   | Place    | Note
--------------------------------------------------------------
     0 | Abyss:1  | Lul the Demonspawn Abyssal Knight began the quest for the Orb.
     0 | Abyss:1  | Reached XP level 1. HP: 18/18 MP: 2/2
    62 | Abyss:1  | Noticed a neqoxec
    66 | Abyss:1  | Noticed an iron imp
    73 | Abyss:1  | Noticed a crimson imp
    73 | Abyss:1  | Noticed a crimson imp
    80 | Abyss:1  | Noticed a smoke demon
    81 | Abyss:1  | Noticed a quasit
    82 | D:1      | Escaped the Abyss
   389 | D:1      | Reached * piety under Lugonu
   473 | D:1      | Gained mutation: You have sharp toenails. [demonic ancestry]
   473 | D:1      | Reached XP level 2. HP: 23/24 MP: 4/4
   507 | D:1      | Reached skill level 1 in Dodging
  1196 | D:2      | Gained mutation: You are partially covered in iridescent scales (AC +4). [demonic ancestry]
  1196 | D:2      | Reached XP level 3. HP: 29/29 MP: 5/5
  1231 | D:2      | Found a basalt altar of Yredelemnul.
  1281 | D:2      | Found a bloodstained altar of Trog.
  1300 | D:2      | Found an ancient bone altar of Kikubaaqudgha.
  1359 | D:2      | Reached ** piety under Lugonu
  1574 | D:2      | Reached XP level 4. HP: 34/37 MP: 6/6
  1725 | D:2      | Found a stormy altar of Qazlal.
  2062 | D:3      | Found a shattered altar of Ashenzari.
  2108 | D:3      | Found a white marble altar of Elyvilon.
  2229 | D:3      | Found a sparkling altar of Nemelex Xobeh.
  2320 | D:3      | Found a sacrificial altar of Ru.
  2320 | D:3      | Found a shadowy altar of Dithmenos.
  2626 | D:3      | Reached skill level 4 in Fighting
  2626 | D:3      | Reached XP level 5. HP: 12/42 MP: 7/7
  3128 | D:4      | Found an opulent altar of Gozag.
  3225 | D:4      | Noticed nixorn's ghost (novice OgBe)
  3239 | D:4      | Noticed Natasha
  3266 | D:4      | Mangled by nixorn's ghost

Skill      XL: |  1  2  3  4 |
---------------+-------------+-----
Armour         | 2 |  2.6
Dodging        | 1 2 |  2.9
Polearms       | 2 |  2.5
Fighting       | 4 |  4.0
Invocations    | |  2.8

Action                   |  1- 3 |  4- 6 || total
-------------------------+-------+-------++-------
Melee: Spear             |   144 |   190 ||   334
       Kick              |    23 |    40 ||    63
Invok: Depart the Abyss  |     1 |       ||     1
  Use: Scroll            |     4 |     6 ||    10
       Potion            |       |     6 ||     6
 Stab: Sleeping          |       |     1 ||     1
  Eat: Chunk             |     2 |     5 ||     7
Armor: Leather armour    |    44 |    49 ||    93
Dodge: Dodged            |    80 |    95 ||   175
